 Dungeon Crawl Stone Soup version 0.28.0 (webtiles) character file.

Game seed: 7798927661445257652

581 browni3141 the Skirmisher (level 7, -2/62 HPs)
             Began as a Minotaur Berserker on Feb 10, 2022.
             Was a Follower of Trog.
             Slain by Duvessa (6 damage)
             ... on level 5 of the Dungeon.
             The game lasted 00:01:30 (1881 turns).

browni3141 the Skirmisher (Minotaur Berserker)      Turns: 1881, Time: 00:01:31

Health: -2/62      AC:  9    Str: 24    XL:     7   Next: 14%
Magic:  6/6        EV:  9    Int:  4    God:    Trog [*.....]
Gold:   233        SH:  0    Dex:  9    Spells: 6/6 levels left

rFire   . . .      SeeInvis .   a - +0 hand axe
rCold   . . .      Faith    .   (no shield)
rNeg    . . .      Spirit   .   g - +0 chain mail
rPois   .          Reflect  .   (helmet restricted)
rElec   .          Harm     .   (no cloak)
rCorr   .          Rampage  .   (no gloves)
Will    .....                   (no boots)
Stlth   ..........              (no amulet)
HPRegen 0.20/turn               (no ring)
MPRegen 0.10/turn               (no ring)

@: on berserk cooldown, slowed, very slow
A: horns 2, retaliatory headbutt
a: Renounce Religion, Berserk


You were on level 5 of the Dungeon.
You worshipped Trog.
Trog was aware of your devotion.
You visited 1 branch of the dungeon, and saw 5 of its levels.

You collected 233 gold pieces.

Inventory:

Hand Weapons
 a - a +0 hand axe (weapon)
Armour
 b - a +0 animal skin
 g - a +0 chain mail (worn)
Jewellery
 h - an amulet of magic regeneration
Scrolls
 d - 2 scrolls of teleportation {unknown}
 e - a scroll of fear {unknown}
Potions
 c - a potion of mutation {unknown}
 f - a potion of degeneration {unknown}
 i - a potion of haste {unknown}
 j - a potion of curing {unknown}


   Skills:
 + Level 5.8 Fighting
 + Level 5.8 Axes
 + Level 5.2 Armour
 + Level 4.7 Dodging


You had 6 spell levels left.
You didn't know any spells.
Your spell library was empty.

Dungeon Overview and Level Annotations

Branches:
Dungeon (5/15)
 Temple: D:4-7

Altars:
Makhleb
Vehumet

Shops:
D:3 (*

Annotations:
D:3 exclusion: statue
D:5 Dowan, Duvessa


Innate Abilities, Weirdness & Mutations

You have a pair of horns on your head.
You reflexively headbutt those who attack you in melee.


Message History

You barely miss Duvessa. Duvessa barely misses you.
Dowan mumbles some strange words.
Dowan blinks!
Duvessa hits you but does no damage.
Okay, then.
Duvessa is nearby!
You barely miss Duvessa. You headbutt Duvessa!
Duvessa is lightly wounded.
Duvessa hits you with a +0 short sword. Duvessa barely misses you.
You slash Duvessa! Your headbutt misses Duvessa.
Duvessa is moderately wounded.
Duvessa hits you but does no damage.
Duvessa says, "When magic and the sword combine, nothing stands against them."
Duvessa closely misses you.
An iguana comes into view.
The iguana hisses angrily.
You hit Duvessa.
Duvessa is heavily wounded.
Duvessa hits you but does no damage. Duvessa hits you with a +0 short sword!
You barely miss Duvessa.
Duvessa is heavily wounded.
Duvessa barely misses you. Duvessa hits you with a +0 short sword!
* * * LOW HITPOINT WARNING * * *
Duvessa hits you but does no damage.
You are too injured to fight recklessly!
Dowan gestures wildly while chanting.
Dowan blinks!
Duvessa hits you with a +0 short sword.
* * * LOW HITPOINT WARNING * * *
Duvessa hits you but does no damage. Duvessa barely misses you.
You furiously retaliate!
You headbutt Duvessa! Duvessa barely misses you. You furiously retaliate!
You headbutt Duvessa, but do no damage. Duvessa hits you with a +0 short sword.
* * * LOW HITPOINT WARNING * * *
Duvessa hits you with a +0 short sword.
* * * LOW HITPOINT WARNING * * *
Duvessa hits you with a +0 short sword.
* * * LOW HITPOINT WARNING * * *
Duvessa hits you with a +0 short sword.
* * * LOW HITPOINT WARNING * * *
Duvessa barely misses you. Duvessa hits you with a +0 short sword.
You die...

#.#####.....###
#.#...l........
#.#.###.....###
#.#.# #.....# #
#.#.# ###.###
##.##.#e#####.#
#......l......#
#.###.#e#######
##.@...# ##.##.#
#.##.# #.##.#
#.##.# ##.##.#
#..##.#
#.###.#############
#..........##......


You could see Duvessa (fast), Dowan and an iguana.

Vanquished Creatures
  An ogre (D:4)
  A necrophage (D:4)
  2 phantoms
  2 scorpions (D:5)
  A bullfrog skeleton (D:4)
  A hound zombie (D:5)
  4 gnolls (D:4)
  2 adders
  An adder skeleton (D:5)
  A dart slug (D:5)
  An orc (D:2)
  3 endoplasms
  4 giant cockroaches
  2 hobgoblins
  7 jackals
  3 kobolds
  2 quokkas (D:2)
  2 ball pythons
  A bat (D:3)
  3 goblins
  A rat (D:2)
45 creatures vanquished.

Notes
Turn   | Place    | Note
-------+----------+-------------------------------------------
     0 | D:1      | browni3141 the Minotaur Berserker began the quest for the
                  | Orb.
     0 | D:1      | Reached XP level 1. HP: 19/19 MP: 0/0
    33 | D:1      | Found a faded altar of an unknown god.
   170 | D:1      | Reached XP level 2. HP: 25/27 MP: 1/1
   625 | D:3      | Found a radiant altar of Vehumet.
   625 | D:3      | Noticed a charred statue
   718 | D:3      | Reached XP level 3. HP: 28/33 MP: 2/2
   793 | D:3      | Found Wughazam's General Store.
   807 | D:3      | Found Zoqoxioc's Antique Weapon Emporium.
   981 | D:4      | Reached XP level 4. HP: 34/40 MP: 3/3
  1157 | D:4      | Noticed a phantom
  1161 | D:4      | Reached ** piety under Trog
  1166 | D:4      | Killed a phantom
  1167 | D:4      | Reached XP level 5. HP: 47/47 MP: 4/4
  1306 | D:4      | Noticed an ogre
  1313 | D:4      | Killed an ogre
  1314 | D:4      | Reached skill level 5 in Fighting
  1314 | D:4      | Reached skill level 5 in Axes
  1316 | D:4      | Reached XP level 6. HP: 56/56 MP: 5/5
  1437 | D:4      | Found a burning altar of Makhleb.
  1685 | D:5      | Entered Level 5 of the Dungeon
  1859 | D:5      | Reached skill level 5 in Armour
  1863 | D:5      | Noticed Duvessa
  1863 | D:5      | Noticed Dowan
  1867 | D:5      | Reached XP level 7. HP: 29/62 MP: 6/6
  1880 | D:5      | HP: 3/62 [Duvessa (4)]
  1881 | D:5      | Slain by Duvessa

Illustrated notes

Levels and vault maps discovered:
D:1:      onia_arrival_pentagram, layout_loops_corners,
          hellmonk_ecumenical_altar_blasted, hangedman_decor_peaks_small,
          st_stairs_11, minmay_pentomino_r4
D:2:      layout_basic, minmay_misc_feat_secret_circle, st_stairs_13,
          grunt_ministairs_8
D:3:      layout_basic, vehumet_statue, serial_shops, nicolae_square_shop, shop,
          nicolae_shop_statue_plus, shop_coins, chequers_serial_rivers_room_b
D:4:      minmay_general_purpose_star, layout_rooms, bloody_makhleb,
          minmay_misc_feat_five, nrook_mini_vaults
D:5:      minmay_clustersquares, layout_loops_ring, nicolae_shop_clearance,
          uniq_duvessa

Skill      XL: |  1  2  3  4  5  6 |
---------------+-------------------+-----
Fighting       | 4 5 |  5.8
Axes           | 4 5 |  5.8
Armour         | 3 4 5 |  5.2
Dodging        | 3 4 |  4.7

Action                   |  1- 3 |  4- 6 |  7- 9 || total
-------------------------+-------+-------+-------++-------
Melee: Hand axe          |    55 |    59 |     5 ||   119
       Headbutt          |     8 |    10 |     1 ||    19
       Punch             |       |     1 |       ||     1
Invok: Berserk           |     1 |     3 |       ||     4
Armor: Animal skin       |     6 |       |       ||     6
       Chain mail        |    25 |    18 |     5 ||    48
Dodge: Dodged            |    42 |    22 |    10 ||    74
